 Dungeon Crawl Stone Soup version 0.29-a0-620-g13ace881f2 (console) character file.

Game seed: 10573365973567667380

40665 petzl the Thaumaturge (level 14, -5/110 HPs)
             Began as a Formicid Arcane Marksman on June 19, 2022.
             Was a High Priest of Vehumet.
             Slain by a death yak (25 damage)
             ... led by a torpor snail
             ... on level 4 of the Lair of Beasts.
             The game lasted 02:28:47 (22856 turns).

petzl the Thaumaturge (Formicid Arcane Marksman)   Turns: 22856, Time: 02:28:48

Health: -5/110     AC:  9    Str: 16    XL:     14   Next: 46%
Magic:  29/29      EV: 16    Int: 15    God:    Vehumet [*****.]
Gold:   837        SH:  5    Dex: 14    Spells: 19/35 levels left

rFire   . . .      SeeInvis +   b - +4 dagger (venom) {!f =f}
rCold   . . .      Faith    .   m - +0 buckler
rNeg    + . .      Spirit   .   R - +2 troll leather armour {Snorg}
rPois   +          Reflect  .   (helmet unavailable)
rElec   .          Harm     .   u - +2 cloak {Will+}
rCorr   +          Rampage  .   (no gloves)
Will    ++...                   (no boots)
Stlth   ++++......              Q - amulet of magic regeneration
HPRegen 1.08/turn               h - +4 ring of evasion
MPRegen 0.61/turn               p - ring of Demit {rPois rN+ rCorr Stlth+}

@: no status effects
A: permanent stasis, dig shafts and tunnels, antennae 3, four strong arms,
talons 1, dopey 1, wild magic 1
a: Dig, Shaft Self, Renounce Religion


You were on level 4 of the Lair of Beasts.
You worshipped Vehumet.
Vehumet was extremely pleased with you.
You visited 3 branches of the dungeon, and saw 19 of its levels.
You also visited: Ossuary and Gauntlet.

You collected 1050 gold pieces.
You spent 213 gold pieces at shops.

Inventory:

Hand Weapons
 a - a +2 hand crossbow of freezing
 b - a +4 dagger of venom (weapon) {!f =f}
 c - a +2 quarterstaff of chaos
 d - the +9 flail of the Baking Asp {vorpal, rN+}
   (You found it on level 12 of the Dungeon)

   It inflicts extra damage upon your enemies.
   rN:        It protects you from negative energy.
 t - the +10 triple crossbow of Fury {venom, rElec rF+ rN+}
   (You took it off a minotaur in a Gauntlet)

   Any ammunition fired from it poisons the flesh of those it strikes.
   rF:        It protects you from fire.
   rElec:     It insulates you from electricity.
   rN:        It protects you from negative energy.
 H - a +2 hunting sling of freezing
 L - a +2 dagger of holy wrath {!f =f}
 N - a +0 rapier of electrocution
 P - a +2 shortbow of flaming
Missiles
 k - 36 poisoned darts (quivered)
 C - 3 silver javelins
Armour
 m - a +0 buckler (worn)
 u - a +2 cloak of willpower (worn)
 w - the +2 ring mail of Fepemmah {Int+2}
   (You found it in a Gauntlet)

   Int:       It affects your intelligence (+2).
 y - a +0 tower shield of fire resistance
 R - a +2 troll leather armour (worn) {Snorg}
Magical Staves
 G - a staff of conjuration
Jewellery
 e - a ring of protection from fire
 h - a +4 ring of evasion (left hand)
 j - a ring of willpower
 p - the ring of Demit (right hand) {rPois rN+ rCorr Stlth+}
   (You found it in a Gauntlet)

   [ring of poison resistance]

   rPois:     It protects you from poison.
   rN:        It protects you from negative energy.
   rCorr:     It protects you from acid and corrosion.
   Stlth:     It makes you more stealthy.
 r - a +6 ring of strength
 s - a ring of protection from cold
 E - a ring of ice
 Q - an amulet of magic regeneration (around neck)
 U - a ring of willpower
Wands
 v - a wand of mindburst (5)
 F - a wand of iceblast (21)
 K - a wand of paralysis (8)
 S - a wand of flame (6)
 V - a wand of polymorph (3)
Scrolls
 g - a scroll of brand weapon
 n - 2 scrolls of fog
 z - 5 scrolls of identify
 B - 3 scrolls of poison
 D - 5 scrolls of vulnerability
 J - 2 scrolls of fear
 M - 3 scrolls of immolation
Potions
 f - 2 potions of lignification
 i - 6 potions of curing
 l - a potion of brilliance
 o - 3 potions of magic
 q - 4 potions of flight
 x - 3 potions of cancellation
 I - 4 potions of ambrosia
 O - a potion of mutation
 T - a potion of heal wounds
Miscellaneous
 A - a phial of floods
 W - a phantom mirror
 X - a tin of tremorstones (1/2)


   Skills:
 + Level 10.3 Fighting
 - Level 0.2 Short Blades
 - Level 2.6 Crossbows
 - Level 1.4 Armour
 - Level 2.4 Dodging
 - Level 7.1 Stealth
 - Level 4.0 Shields
 + Level 11.0 Spellcasting
 + Level 11.0 Conjurations
 - Level 3.6 Hexes
 - Level 5.0 Transmutations
 - Level 5.0 Fire Magic
 - Level 8.0 Ice Magic
 - Level 6.0 Air Magic
 - Level 5.0 Poison Magic
 - Level 4.0 Evocations


You had 19 spell levels left.
You knew the following spells:

 Your Spells              Type           Power      Damage    Failure   Level
a - Slow                  Hex            96%        N/A       5%          1
l - Freezing Cloud        Conj/Ice/Air   21%        6-21      4%          5
m - Mephitic Cloud        Conj/Pois/Air  39%        N/A       1%          3
I - Ignite Poison         Fire/Tmut/Pois 30%        N/A       2%          3
T - Olgreb's Toxic Radia  Pois           30%        N/A       7%          4

Your spell library contained the following spells:

 Spells                   Type           Power      Damage    Failure   Level
 Ozocubu's Refrigeration  Ice            20%        4d9       73%         7
 Poisonous Vapours        Pois/Air       64%        N/A       1%          2
 Fulminant Prism          Conj/Hex       19%        3d11      2%          4
 Sting                    Tmut/Pois      100%       1d8       3%          1
 Ensorcelled Hibernation  Hex/Ice        66%        N/A       3%          2
 Inner Flame              Hex/Fire       27%        N/A       3%          3
 Iskenderun's Mystic Bla  Conj/Tloc      32%        2d8       5%          4
 Portal Projectile        Hex/Tloc       34%        N/A       26%         3
 Cause Fear               Hex            12%        N/A       38%         4
 Lee's Rapid Deconstruct  Erth           5%         3d7*      69%         5
 Summon Mana Viper        Hex/Summ       17%        N/A       91%         5


Dungeon Overview and Level Annotations

Branches:
Dungeon (14/15)            Temple (1/1) D:7            Lair (4/6) D:10
  Swamp (0/4) Lair:4        Snake (0/4) Lair:4          Orc (0/2) D:10
Ossuary (visited)         Gauntlet (visited)
 Vaults: D:13-14

Altars:
Cheibriados
Dithmenos
Elyvilon
Fedhas
Gozag
Hepliaklqana
Kikubaaqudgha
Makhleb
Nemelex Xobeh
Okawaru
Qazlal
Ru
Sif Muna
Trog
Uskayaw
Vehumet
Wu Jian
Xom
Yredelemnul
Zin
The Shining One

Shops:
D:2 *   D:10 [   D:12 (

Annotations:
D:2 Grinder
D:4 Menkaure
D:9 exclusion: 2 downstairs
D:10 exclusion: downstairs
D:13 exclusions: 2 centaur warriors and 2 vampire mosquitoes


Innate Abilities, Weirdness & Mutations

You cannot be hasted, slowed, berserked, paralysed or teleported.
You can dig through walls and to a lower floor.
You have a pair of large antennae on your head. (SInv)
Your four strong arms can wield two-handed weapons with a shield.
You have sharp toenails.
You are dopey. (Int -2)
Your spells are a little harder to cast, but a little more powerful.


Message History

The death yak looks as sick as possible!
You claw the death yak, but do no damage.
The death yak is severely wounded.
The death yak gores you!
The yak is engulfed in freezing vapours. x2
You completely miss the death yak.
The death yak is lightly wounded.
The yak is engulfed in freezing vapours.
The death yak is engulfed in freezing vapours.
The death yak gores you!
You hit the death yak but do no damage.
The death yak is poisoned.
You claw the death yak, but do no damage.
The death yak is moderately wounded.
The yak is engulfed in freezing vapours.
The death yak gores you!
The death yak is engulfed in freezing vapours.
You block the death yak's attack.
Unknown command.
Unknown command.
The death yak is engulfed in freezing vapours.
The yak is engulfed in freezing vapours.
The death yak gores you!
* * * LOW HITPOINT WARNING * * *
The yak is engulfed in freezing vapours.
You kill the yak!
Vehumet accepts your kill.
You feel your power returning.
Unknown command.
Are you sure you want to shaft yourself?
Okay, then.
Unknown command.
Unknown command.
Okay, then.
Are you sure you want to shaft yourself?
The yak is engulfed in freezing vapours.
The death yak gores you!
* * * LOW HITPOINT WARNING * * *
You begin to dig a shaft.
You continue digging a shaft.
The death yak gores you!!
You die...

##.##########.,*,,,>,{{*
##..#...#......,#..,,,,,* ***
##..##....#.....**..###.,### ***,#**
#...###.......#.###...{.##.## **,,.#,*
#...#.#........#..#...{{#...# *,,..,,**
###÷..#...#.##....##).{##..P# **.##,,,****
######......#*.##....##.##....#####...#..,,,,,
#P.........##**##...#.#......#...........,,,,,
###.......##..####...?###..........##......,,***
#..##.##..##).##.#.)...#...#..#...##,,.....,,***
#...####..÷."...#.........#####..####......,,,,,
##....####..................# #..........##.,,,,,
#.....P.##...#.......##.).### #.)........##***,,,
.....................####..# ##≈≈.≈≈≈≈≈≈.P#*,*,,,
.....##............††# #..## #..≈≈≈≈≈≈≈≈..##*,,,,
....######.......#...# #...# ##.≈≈≈≈≈≈≈≈≈...,,,,,
....# ##.........#...####..###.≈≈≈≈..≈≈≈≈...,,,,,
...##*#........#..#.......†.....≈≈≈≈<.≈≈≈≈.Y,,,**
...#,*#............#....@Y†.○Y..≈≈≈≈≈.≈≈≈...,***,
...#.,...##.........###.YY§○Y..≈≈≈≈≈≈≈≈≈≈...,***,
.........#........### ###○°§☼...≈≈≈≈≈≈≈≈≈...,*,**
..........#.......# ***#.§☼§§...≈≈≈≈≈≈≈≈....,,,**
..................#**,#.#.°§.[..†...≈≈......,,,,,
...>..........P##..,,......°○.†...#§........,,,,,
..............##............☼°.....§§..:....,,,,,
..............*,.....##....☼°.°....§§§..,,,,,,,,,
......,,......,,..#..#.#>.......§.§§§§..*,,,,,,,,
....,,,,**,,,***,,,**##......#...§§>.§..*,,,,,,,,
,..,*,,,**,,,* ***,**,..##....#.§§§Y§...*,,,,,,,,
,,,,,,,,***,,* *,,,,,,,###..##.YY.Y...,,,,,,,**
,,,,,,,,*,,,** ***,,,,,,,***,,*,,,,,,,,,,,,,,,**
,,,,,,,,,,,<* *,,,,,,,,,,**,,,,,,,,,,,,,,***,*
,,,,,,,,,,,,****,,,,,,,,,,,**,,,,,,,,,,,*** ***
,,,,,,,,,,,>,**,,,,,,,,,,,,,,,,,,,,,,,***
,,,,,,,,*****,,,,,*,,,,,,,,,**,,,,,,,,***
,,,,,,,,* **,,,*,*,,,,,,,*****,,,,,,,,,*
*,,,***,** *,,,,,*,,,,,,,,* *,,,*,,,,,**


You could see 2 death yaks and 3 yaks.

Vanquished Creatures
  Gastronok (D:12)
  A minotaur (Gauntlet)
  Snorg (D:12)
  2 hydras
  2 boulder beetles
  A two-headed ogre (D:11)
  4 death yaks (Lair:4)
  Amaemon (Lair:3)
  A deep elf pyromancer (D:9)
  A necromancer (D:9)
  A cyclops (D:12)
  An ugly thing (D:12)
  4 manticores
  A black mamba (Lair:3)
  An orange demon (Lair:3)
  11 cane toads
  2 centaur zombies (Gauntlet)
  An unseen horror (D:11)
  2 torpor snails
  2 rime drakes
  4 komodo dragons
  A harpy zombie (Gauntlet)
  Prince Ribbit (D:6)
  12 slime creatures
  2 trolls
  A polar bear (Lair:1)
  7 blink frogs
  6 dream sheep (Lair:3)
  A vampire (D:10)
  Sigmund (D:3)
  A shadow (D:11)
  3 wyverns
  2 wraiths
  59 yaks
  2 basilisks (Lair:2)
  A steam dragon (D:8)
  Eustachio (D:6)
  Grum (D:11)
  An acid dragon (D:12)
  2 nagas (Lair:4)
  4 water moccasins
  2 black bears
  6 orc warriors
  2 sky beasts (D:7)
  3 ice beasts
  2 centaurs
  11 wolves
  3 phantoms
  2 kobold brigands
  Blork the orc (D:5)
  3 gnoll sergeants (D:10)
  4 bullfrogs
  3 scorpions
  5 wights
  11 killer bees
  An electric eel (Lair:3)
  7 hounds
  Crazy Yiuf (D:3)
  2 jellies
  7 orc priests
  2 gnoll shamans (D:10)
  An iron imp (Gauntlet)
  Jessica (D:3)
  Ijyb (D:5)
  5 iguanas
  16 orc wizards
  3 yak simulacra (D:9)
  2 polar bear simulacra (D:9)
  2 wolf simulacra (D:9)
  4 mummies (Ossuary)
  16 gnolls
  8 adders
  4 dart slugs
  41 orcs
  2 endoplasms
  3 giant cockroaches
  3 gnoll zombies (Ossuary)
  8 goblins
  2 hobgoblins
  14 jackals
  5 quokkas
  3 ball pythons
  3 bats
  8 gnoll skeletons (Ossuary)
  2 goblin skeletons (Ossuary)
  4 goblin zombies (Ossuary)
  4 hobgoblin skeletons (Ossuary)
  3 hobgoblin zombies (Ossuary)
  16 kobolds
  4 kobold skeletons (Ossuary)
  7 kobold zombies (Ossuary)
  3 orc skeletons (Ossuary)
  An orc zombie (Ossuary)
  A quokka zombie (D:6)
  8 rats
  4 rat skeletons (Ossuary)
  8 rat zombies
  4 river rat simulacra (D:9)
456 creatures vanquished.

Vanquished Creatures (collateral kills)
  A boggart (Gauntlet)
  A kobold (D:4)
2 creatures vanquished.

Vanquished Creatures (others)
  A hound (D:7)
  A bush (Lair:4)
  31 fungi
  27 plants
60 creatures vanquished.

Grand Total: 518 creatures vanquished

Notes
Turn   | Place    | Note
-------+----------+-------------------------------------------
     0 | D:1      | petzl the Formicid Arcane Marksman began the quest for the
                  | Orb.
     0 | D:1      | Reached XP level 1. HP: 15/15 MP: 2/2
    53 | D:1      | Found a faded altar of an unknown god.
   124 | D:1      | You fall into a shaft and drop 1 floor!
   124 | D:2      | Found Esyej's Assorted Antiques.
   455 | D:2      | Reached XP level 2. HP: 21/21 MP: 3/3
   485 | D:2      | Reached skill level 1 in Stealth
   641 | D:2      | Reached XP level 3. HP: 23/26 MP: 5/5
   938 | D:1      | Reached skill level 1 in Armour
  1270 | D:1      | Reached XP level 4. HP: 33/33 MP: 6/6
  1962 | D:3      | Noticed Jessica
  2589 | D:3      | Noticed Sigmund
  2644 | D:2      | Bought a twisted ivory ring for 120 gold pieces
  2704 | D:3      | Noticed Grinder
  2858 | D:4      | Noticed a black bear
  2889 | D:5      | Entered Level 5 of the Dungeon
  2890 | D:5      | Noticed Blork the orc
  2945 | D:4      | Reached XP level 5. HP: 28/38 MP: 6/8
  3029 | D:5      | Noticed Menkaure
  3041 | D:4      | You fall into a shaft and drop 3 floors!
  3078 | D:6      | Found a sand-covered staircase.
  3139 | D:6      | Noticed an ice beast
  3151 | Ossuary  | Entered an ossuary
  3170 | Ossuary  | Learned a level 3 spell: Mephitic Cloud
  3174 | Ossuary  | Learned a level 3 spell: Ignite Poison
  3602 | Ossuary  | Reached XP level 6. HP: 44/46 MP: 10/10
  3798 | Ossuary  | Reached skill level 1 in Poison Magic
  3877 | Ossuary  | Reached skill level 1 in Conjurations
  4212 | D:5      | Reached XP level 7. HP: 43/51 MP: 10/12
  4220 | D:5      | Reached skill level 1 in Air Magic
  4220 | D:5      | You fall into a shaft and drop 1 floor!
  4221 | D:6      | Noticed a water moccasin
  4601 | D:5      | Found a stormy altar of Qazlal.
  4991 | D:2      | Bought a scroll labelled MOMUOTS BUNOFAQO for 24 gold
                  | pieces
  4991 | D:2      | Bought a scroll of identify for 48 gold pieces
  5114 | D:3      | Killed Jessica
  5311 | D:3      | Found a runed translucent door.
  5312 | D:3      | Noticed Crazy Yiuf
  5345 | D:3      | Killed Crazy Yiuf
  5793 | D:3      | You fall into a shaft and drop 3 floors!
  5957 | D:4      | You fall into a shaft and drop 3 floors!
  6121 | D:4      | Reached XP level 8. HP: 46/51 MP: 14/14
  6361 | D:2      | Bought a dark potion for 21 gold pieces
  6423 | D:3      | Killed Sigmund
  6566 | D:2      | You fall into a shaft and drop 1 floor!
  6862 | D:5      | Noticed Ijyb
  6973 | D:5      | Killed Blork the orc
  6978 | D:5      | Killed Ijyb
  7704 | D:6      | Reached skill level 5 in Spellcasting
  7781 | D:6      | Reached skill level 1 in Evocations
  7966 | D:6      | You fall into a shaft and drop 3 floors!
  8096 | D:9      | Noticed a yak
  8170 | D:6      | Reached XP level 9. HP: 58/65 MP: 9/16
  8170 | D:6      | Noticed Prince Ribbit
  8188 | D:6      | Killed Prince Ribbit
  8741 | D:6      | You fall into a shaft and drop 2 floors!
  8942 | D:8      | Reached skill level 5 in Stealth
  9779 | D:7      | Found a staircase to the Ecumenical Temple.
  9803 | D:7      | Reached skill level 5 in Poison Magic
  9827 | D:7      | Reached skill level 5 in Conjurations
  9856 | Temple   | Entered the Ecumenical Temple
 10122 | Temple   | Became a worshipper of Vehumet
 10172 | D:7      | Reached skill level 5 in Fighting
 10175 | D:7      | Reached XP level 10. HP: 74/74 MP: 16/19
 10785 | D:6      | Noticed Eustachio
 10792 | D:6      | Killed Eustachio
 11773 | D:9      | Reached * piety under Vehumet
 11773 | D:9      | Offered knowledge of Freeze by Vehumet.
 12086 | D:9      | Noticed a boulder beetle
 12086 | D:9      | Noticed a manticore
 12090 | D:9      | You fall into a shaft and drop 1 floor!
 12090 | D:10     | Entered Level 10 of the Dungeon
 12090 | D:10     | Found a staircase to the Orcish Mines.
 12261 | D:9      | Noticed a deep elf pyromancer
 12270 | D:10     | Gained mutation: Your body sometimes deteriorates upon
                  | taking damage. [mutagenic glow]
 12522 | D:9      | Killed a deep elf pyromancer
 12785 | D:9      | Killed a manticore
 12862 | D:9      | Reached XP level 11. HP: 57/81 MP: 12/23
 12868 | D:9      | Learned a level 5 spell: Freezing Cloud
 13126 | D:9      | Noticed a necromancer
 13194 | D:9      | Reached skill level 1 in Ice Magic
 13420 | D:9      | Killed a boulder beetle
 13421 | D:9      | Reached skill level 1 in Fire Magic
 13791 | D:9      | Killed a necromancer
 14141 | D:9      | Reached ** piety under Vehumet
 14158 | D:9      | Offered knowledge of Scorch by Vehumet.
 14380 | D:9      | Reached skill level 5 in Air Magic
 14624 | D:10     | Reached skill level 5 in Ice Magic
 14856 | D:10     | Found Dypikul's Antique Armour Shoppe.
 14914 | D:10     | Offered knowledge of Stone Arrow by Vehumet.
 14977 | D:10     | Found a staircase to the Lair.
 15100 | D:10     | Reached *** piety under Vehumet
 16006 | D:11     | Noticed Grum
 16026 | D:11     | Noticed a two-headed ogre
 16033 | D:11     | Noticed a manticore
 16222 | D:11     | Found a blossoming altar of Fedhas.
 16279 | D:11     | Reached skill level 1 in Shields
 16323 | D:11     | Noticed a manticore
 16339 | D:11     | Killed a manticore
 16340 | D:11     | Reached XP level 12. HP: 87/89 MP: 4/24
 16349 | D:11     | Killed Grum
 16501 | D:11     | Noticed a frost giant
 16582 | D:11     | Killed a two-headed ogre
 16726 | D:12     | Noticed Snorg
 16736 | D:12     | Killed Snorg
 16880 | D:12     | Offered knowledge of Dazzling Flash by Vehumet.
 17064 | D:12     | Noticed a seven-headed hydra
 17071 | D:12     | Killed a seven-headed hydra
 17102 | D:12     | Noticed Gastronok
 17113 | D:12     | Killed Gastronok
 17564 | D:12     | Found Cere's Weapon Boutique.
 17628 | D:12     | Identified the +9 flail of the Baking Asp {vorpal, rN+}
 17913 | D:11     | Noticed a flayed ghost
 17919 | D:11     | You fall into a shaft and drop 3 floors!
 18041 | D:14     | Noticed a boulder beetle
 18095 | D:13     | Noticed a centaur warrior
 18098 | D:13     | Lost mutation: Your body sometimes deteriorates upon taking
                  | damage. [potion of mutation]
 18098 | D:13     | Gained mutation: You have sharp toenails. [potion of
                  | mutation]
 18098 | D:13     | Gained mutation: Your spells are a little harder to cast,
                  | but a little more powerful. [potion of mutation]
 18098 | D:13     | Gained mutation: You are dopey. (Int -2) [potion of
                  | mutation]
 18166 | D:13     | Reached XP level 13. HP: 72/92 MP: 7/26
 18255 | D:13     | Noticed a centaur warrior
 18287 | D:13     | Reached **** piety under Vehumet
 18434 | Lair:1   | Entered Level 1 of the Lair of Beasts
 18572 | Lair:1   | You fall into a shaft and drop 1 floor!
 18984 | Lair:1   | Noticed a seven-headed hydra
 19006 | Lair:1   | Killed a seven-headed hydra
 19692 | Lair:1   | Reached skill level 10 in Conjurations
 19827 | Lair:1   | Offered knowledge of Frozen Ramparts by Vehumet.
 19954 | Lair:1   | Reached skill level 1 in Transmutations
 21066 | Lair:3   | Reached skill level 10 in Spellcasting
 21144 | Lair:3   | Noticed Amaemon
 21151 | Lair:3   | Killed Amaemon
 21424 | Lair:3   | Noticed a boulder beetle
 21435 | Lair:3   | Killed a boulder beetle
 21506 | Lair:3   | Learned a level 4 spell: Olgreb's Toxic Radiance
 21972 | Lair:4   | Reached XP level 14. HP: 64/108 MP: 22/28
 22026 | Lair:4   | Found a gate leading to a gauntlet.
 22066 | Gauntlet | Entered a Gauntlet
 22066 | Gauntlet | Found a transporter.
 22070 | Gauntlet | Found a transporter.
 22071 | Gauntlet | Found a transporter.
 22081 | Gauntlet | Found a transporter.
 22082 | Gauntlet | Found a transporter.
 22085 | Gauntlet | Found a runed translucent door.
 22086 | Gauntlet | Found a runed translucent door.
 22089 | Gauntlet | Found a transporter.
 22118 | Gauntlet | Found a transporter.
 22123 | Gauntlet | Found a transporter.
 22137 | Gauntlet | Found a runed translucent door.
 22144 | Gauntlet | Found a transporter.
 22148 | Gauntlet | Found a transporter.
 22171 | Gauntlet | Found a transporter.
 22171 | Gauntlet | Found a transporter.
 22202 | Gauntlet | Found a transporter.
 22203 | Gauntlet | Noticed a cacodemon
 22206 | Gauntlet | Found a transporter.
 22283 | Gauntlet | Reached ***** piety under Vehumet
 22434 | Gauntlet | Identified the ring of Demit {rPois rN+ rCorr Stlth+}
 22465 | Gauntlet | Offered knowledge of Ozocubu's Refrigeration by Vehumet.
 22574 | Gauntlet | Identified the +10 triple crossbow of Fury {venom, rElec
                  | rF+ rN+}
 22574 | Gauntlet | Noticed a minotaur
 22583 | Gauntlet | Killed a minotaur
 22584 | Gauntlet | Reached skill level 5 in Fire Magic
 22600 | Gauntlet | Got the Guide on Malediction
 22604 | Gauntlet | Identified the +2 ring mail of Fepemmah {Int+2}
 22820 | Lair:4   | Found a staircase to the Swamp.
 22835 | Lair:4   | Reached skill level 10 in Fighting
 22845 | Lair:4   | Reached skill level 5 in Transmutations
 22856 | Lair:4   | Slain by a death yak

Illustrated notes

Levels and vault maps discovered:
D:1:      eino_arrival_cavern_d, layout_basic, ebering_ecumenical_altar_box,
          minmay_pentomino_q4
D:2:      layout_loops_ring, serial_shops, nicolae_shop_trees
D:3:      layout_basic, uniq_grinder, uniq_crazy_yiuf_cottage, uniq_jessica,
          uniq_sigmund
D:4:      layout_gridville, st_stairs_8
D:5:      layout_loops_ring, nicolae_qazlal_general_emergency,
          uniq_blork_the_orc, uniq_menkaure, uniq_ijyb
D:6:      layout_loops_ring, enter_ossuary_4, grunt_decor_resistance,
          uniq_eustachio, uniq_prince_ribbit1
D:7:      black_bear_nest_2, layout_loops_ring,
          minmay_temple_entry_gardened_gates, minmay_misc_feat_pillars
D:8:      layout_loops_cross
D:9:      minmay_bloctagon_deflated, layout_rooms, columned_hall_lemuel,
          eino_house_with_fridge
D:10:     layout_cave_pools, lair_entry_dummy, orc_0_dummy, serial_gnoll_camp,
          gnoll_camp_mini_hut, gnoll_camp_mini_hut, gnoll_camp_mini_basic,
          gnoll_camp_mini_shop, gnoll_camp_huts_basic
D:11:     minmay_mutant_horseshoe, layout_cave_pools, fedhas_altar_1, uniq_grum
D:12:     layout_big_octagon, serial_shops, shop, uniq_gastronok, uniq_snorg
D:13:     layout_loops_ring
D:14:     layout_rooms, david_vaults_1, nicolae_sif_muna_condensation,
          minivault_28
Temple:   roderic_octagonal_lattice_temple
Lair:1:   layout_regular_city
Lair:2:   layout_layer_cave, st_stairs_5, fungi_pond_lemuel,
          hibernation_bobbens, grunt_megastairs_4, serial_bayou_shore_b
Lair:3:   layout_gridlike, nzn_sisyphean_effort, serial_bayou_shore_a,
          uniq_amaemon
Lair:4:   layout_layer_cave, minmay_swamp_entry_wisps,
          minmay_snake_entry_guardpost_medium, gauntlet_entry_generic,
          infiniplex_staircase_pool_2

Skill      XL: |  1  2  3  4  5  6  7  8  9 10 11 12 13 14 |
---------------+-------------------------------------------+-----
Stealth        | 1 2 3 4 5 7 |  7.1
Dodging        | 2 |  2.4
Armour         | 1 |  1.4
Spellcasting   | 2 3 4 5 6 8 9 10 11 | 11.0
Fighting       | 2 3 4 5 6 7 9 10 | 10.3
Poison Magic   | 1 2 4 5 |  5.0
Conjurations   | 1 2 3 5 6 7 9 10 11 | 11.0
Air Magic      | 1 2 3 4 5 6 |  6.0
Evocations     | 1 3 4 |  4.0
Ice Magic      | 5 7 8 |  8.0
Fire Magic     | 3 4 5 |  5.0
Shields        | 1 4 |  4.0
Transmutations | 3 5 |  5.0
Short Blades   | |  0.2
Crossbows      | |  2.6
Hexes          | |  3.6

Action                   |  1- 3 |  4- 6 |  7- 9 | 10-12 | 13-15 || total
-------------------------+-------+-------+-------+-------+-------++-------
Melee: Dagger            |       |    55 |   196 |   225 |    42 ||   518
       Punch             |       |     3 |     4 |     2 |       ||     9
       Quarterstaff      |       |       |    14 |    20 |     1 ||    35
       Kick              |       |       |       |     3 |    24 ||    27
 Fire: Hand crossbow     |   106 |   220 |   119 |   228 |   100 ||   773
Throw: Dart              |       |       |       |     1 |       ||     1
       Throwing net      |       |       |       |       |     1 ||     1
 Cast: Slow              |     5 |    20 |    47 |     3 |       ||    75
       Mephitic Cloud    |       |       |    32 |   146 |     9 ||   187
       Ignite Poison     |       |       |     4 |    23 |     3 ||    30
       Freezing Cloud    |       |       |       |    23 |    97 ||   120
       Olgreb's Toxic Ra |       |       |       |       |     6 ||     6
 Abil: Shaft Self        |     1 |     1 |     5 |     2 |     1 ||    10
       Dig               |       |     2 |     5 |     5 |     1 ||    13
Evoke: Wand              |       |       |       |     1 |     8 ||     9
       Tin of tremorston |       |       |       |       |     1 ||     1
  Use: Scroll            |       |    10 |     4 |     8 |     6 ||    28
       Potion            |       |       |     1 |     4 |     8 ||    13
 Stab: Sleeping          |       |       |     1 |       |       ||     1
       Confused          |       |       |    11 |    32 |     2 ||    45
       Paralysed         |       |       |       |       |     7 ||     7
Armor: Robe              |     3 |       |       |       |       ||     3
       Leather armour    |    17 |    14 |    24 |    30 |       ||    85
       Troll leather arm |       |       |       |     3 |    21 ||    24
Dodge: Dodged            |    58 |    61 |   169 |   242 |    76 ||   606
Block: Buckler           |       |       |       |     6 |    23 ||    29

Table legend: (Time is in decaauts)
 A = Elapsed time spent in this place.
 B = Non-inter-level travel time spent in this place.
 C = Inter-level travel time spent in this place.
 D = Time resting spent in this place.
 E = Time spent auto-exploring this place.
 F = Levels seen in this place.
 G = Mean time per level.
                   A        B        C        D        E       F      G
               +--------+--------+--------+--------+--------+-----+--------+
         Total |  23127 |  21738 |   1389 |   6611 |   6482 |  21 | 1101.3 |
       Dungeon |  17417 |  16235 |   1182 |   5608 |   4280 |  14 | 1244.1 |
        Temple |    287 |    266 |     21 |      0 |    243 |   1 |  287.0 |
          Lair |   3888 |   3702 |    186 |    616 |   1959 |   4 |  972.0 |
       Ossuary |    962 |    962 |      0 |    244 |      0 |   1 |  962.0 |
      Gauntlet |    571 |    571 |      0 |    142 |      0 |   1 |  571.0 |
               +--------+--------+--------+--------+--------+-----+--------+

Top non-repeatable levels by time:
     D:9: 2854 daAuts
    D:10: 1892 daAuts
     D:3: 1700 daAuts
     D:6: 1693 daAuts
  Lair:2: 1533 daAuts
     D:7: 1399 daAuts
     D:2: 1368 daAuts
     D:8: 1183 daAuts
     D:5: 1167 daAuts
  Lair:1: 1105 daAuts
     D:4: 1085 daAuts
    D:12: 1069 daAuts
 Ossuary: 962 daAuts
  Lair:3: 920 daAuts
     D:1: 804 daAuts
